 Dungeon Crawl Stone Soup version 0.21.1-1-g345015fe64 (webtiles) character file.

135 Loge the Ruffian (level 4, -1/45 HPs)
             Began as a Troll Monk on July 10, 2018.
             Slain by an orc
             ... wielding a +0 trident
              (9 damage)
             ... on level 3 of the Dungeon.
             The game lasted 00:07:51 (1756 turns).

Loge the Ruffian (Troll Monk)                       Turns: 1756, Time: 00:07:52

Health: -1/45      AC:  5    Str: 19    XL:     4   Next: 96%
Magic:  3/3        EV: 10    Int:  6    God:
Gold:   165        SH:  0    Dex: 13    Spells: 3/3 levels left

rFire    . . .     SeeInvis .     - Unarmed
rCold    . . .     Gourm    +   (no shield)
rNeg     . . .     Faith    .   a - +0 robe
rPois    .         Spirit   .   (helmet restricted)
rElec    .         Reflect  .   (no cloak)
rCorr    .         Harm     .   (gloves unavailable)
MR       .....                  (boots unavailable)
Stlth    ++........             (no amulet)
HPRegen  0.55/turn              (no ring)
MPRegen  0.08/turn              (no ring)

@: no status effects
A: large, unfitting armour, claws 3, fast metabolism 3, gourmand, regeneration
1, shaggy fur 1, tough skin 2
a: no special abilities


You were on level 3 of the Dungeon.
You were very full.

You visited 1 branch of the dungeon, and saw 3 of its levels.

You collected 165 gold pieces.

Inventory:

Missiles
 h - 167 stones (quivered)
Armour
 a - a +0 robe (worn)
Jewellery
 i - an uncursed amulet of magic regeneration {unknown}
 j - a cursed ring of loudness {unknown}
 m - an uncursed ring of poison resistance {unknown}
Scrolls
 c - 3 scrolls of fog {unknown}
 d - 5 scrolls of identify {unknown}
 e - 2 scrolls of remove curse {unknown}
 k - 2 scrolls of noise {unknown}
 l - a scroll of teleportation {unknown}
 r - a scroll of amnesia {unknown}
 t - a scroll of enchant weapon {unknown}
Potions
 f - a potion of degeneration {unknown}
 g - a potion of might {unknown}
 n - a potion of ambrosia {unknown}
 o - a potion of mutation {unknown}
 p - a potion of flight {unknown}
 s - a potion of brilliance {unknown}
Books
 q - a book of Changes

   Spells                             Type                      Level
   a - Beastly Appendage              Transmutation                1
   b - Sticks to Snakes               Transmutation                2
   c - Spider Form                    Transmutation/Poison         3
   d - Ice Form                       Ice/Transmutation            4
   e - Blade Hands                    Transmutation                5
Comestibles
 b - 7 rations


   Skills:
 + Level 3.3 Fighting
 - Level 2.4 Dodging
 - Level 1.0 Stealth
 * Level 5.0 Unarmed Combat


You had 3 spell levels left.
You didn't know any spells.

Dungeon Overview and Level Annotations

Branches:
Dungeon (3/15)

Altars:


Innate Abilities, Weirdness & Mutations

You are too large for most types of armour.
You have claws for hands.
Your metabolism is lightning-fast.
You like to eat raw meat.
Your natural rate of healing is unusually fast.
You are covered in fur. (AC +1)
You have very tough skin. (AC +2)


Message History

You scratch the orc.
The orc is heavily wounded.
The orc closely misses you. The orc hits you but does no damage.
You claw the orc!
You kill the orc!
The orc barely misses you.
You barely miss the jackal. The jackal closely misses you.
You scratch the jackal but do no damage.
You claw the jackal.
The jackal is severely wounded.
The jackal bites you but does no damage.
The orc closely misses you.
You scratch the jackal.
You kill the jackal!
The orc hits you from afar with a trident!
* * * LOW HITPOINT WARNING * * *
You scratch the dart slug.
The dart slug is severely wounded.
The orc hits you from afar with a trident!
You die...

.......#.... ...
#####.. ...........
#. .......
......#.#.#. #>
>......
.....#....#..##.
.......
.......#.###....
.......
##.........#
..>....
####..#.####...
......o####....##)#
###.
.......w@...#####.#
#. ......#######
#.# ## ..... #.#
...< #.# ... #.# ..
#.# . #.# #.# #.#


You could see a dart slug and an orc.

Vanquished Creatures
  6 adders
  A worm (D:2)
  A dart slug (D:3)
  A leopard gecko (D:3)
  2 orcs (D:3)
  6 bats
  2 giant cockroaches
  8 goblins
  3 hobgoblins
  4 jackals (D:3)
  7 kobolds
  A quokka (D:3)
  A ball python (D:3)
  A frilled lizard (D:1)
  A leopard gecko skeleton (D:3)
  11 rats
56 creatures vanquished.

Vanquished Creatures (others)
  An orc wizard (D:3)
1 creature vanquished.

Grand Total: 57 creatures vanquished

Notes
Turn   | Place    | Note
-------+----------+-------------------------------------------
     0 | D:1      | Loge the Troll Monk began the quest for the Orb.
     0 | D:1      | Reached XP level 1. HP: 22/22 MP: 0/0
   173 | D:1      | Reached XP level 2. HP: 29/29 MP: 1/1
   895 | D:2      | Reached XP level 3. HP: 36/36 MP: 2/2
   921 | D:2      | Reached skill level 4 in Unarmed Combat
  1415 | D:3      | Reached XP level 4. HP: 45/45 MP: 3/3
  1742 | D:3      | Reached skill level 5 in Unarmed Combat
  1756 | D:3      | Slain by an orc

Skill      XL: |  1  2  3  4 |
---------------+-------------+-----
Unarmed Combat | 4 5 |  5.0
Fighting       | 3 |  3.3
Dodging        | |  2.4
Stealth        | |  1.0

Action                   |  1- 3 |  4- 6 || total
-------------------------+-------+-------++-------
Melee: Unarmed           |    81 |    77 ||   158
       Punch             |       |     1 ||     1
 Stab: Sleeping          |     1 |     3 ||     4
  Eat: Chunk             |    11 |     9 ||    20
Armor: Robe              |    33 |    21 ||    54
Dodge: Dodged            |    50 |    46 ||    96
